NYP
CHICAGO (NYP) WHITE SOX @ SPOKANE INDIANS
06/08/2045
 
TOP OF THE 1ST
Chicago (NYP) White Sox batting - Pitching for Spokane Indians : RHP Alexander Neustroev
Pitching: RHP Alexander Neustroev
Batting: RHB Vic Lucatero 0-0: Called Strike
0-1: SINGLE (Groundball, 3D, EV 106.9 MPH)
Batting: RHB Mark Jones 0-0: Ball
1-0: Swinging Strike
1-1: Called Strike
1-2: Ball
2-2: Ball
3-2: Fly out, F7 (Line Drive, 7, EV 97.5 MPH)
Batting: LHB Ryan Dyal 0-0: Ball
1-0: Called Strike
1-1: Ball
Vic Lucatero steals 2nd base
2-1: Swinging Strike
2-2: Fly out, F8 (Line Drive, 8LD, EV 89.4 MPH)
Batting: LHB Matt Hyde 0-0: Foul Ball, location: 2F
0-1: Called Strike
0-2: Foul Ball, location: 2F
0-2: Ball
1-2: Fly out, F7 (Flyball, 7LS, EV 87.5 MPH)
Top of the 1st over - 0 runs, 1 hit, 0 errors, 1 left on base; Chicago (NYP) 0 - Spokane 0
BOTTOM OF THE 1ST
Spokane Indians batting - Pitching for Chicago (NYP) White Sox : LHP Shinkichi Kawase
Pitching: LHP Shinkichi Kawase
Batting: RHB Dennis Daniels 0-0: Called Strike
0-1: SINGLE (Line Drive, 6D, EV 97.5 MPH)
Batting: RHB George King 0-0: Foul Ball, location: 2F
0-1: Ball
1-1: Called Strike
1-2: Ball
2-2: Ball
3-2: SINGLE (Line Drive, 6D, EV 96.9 MPH)
Dennis Daniels to second
Dennis Daniels to third
Batting: RHB Andrew Clarke 0-0: Called Strike
0-1: Ball
1-1: Ball
2-1: Swinging Strike
2-2: Fly out, F7 (Flyball, 78D, EV 86.9 MPH)
Runner from 3rd tags up, SCORES, no throw by LF
Batting: RHB Dale Aubrey 0-0: Ball
1-0: Called Strike
1-1: Called Strike
1-2: SINGLE (Groundball, 4D, EV 96.2 MPH)
George King to second
George King to third
Batting: RHB Shoh Tanioka 0-0: Called Strike
0-1: Ball
1-1: Foul Ball, location: 2F
1-2: Hit by Pitch
Dale Aubrey to second
Batting: RHB Roberto Gonzalez 0-0: Called Strike
0-1: Called Strike
0-2: Strikes out swinging
Batting: RHB Matt Strong 0-0: Called Strike
0-1: Called Strike
0-2: Ball
1-2: Ball
2-2: Ball
3-2: Strikes out swinging
Bottom of the 1st over - 1 run, 3 hits, 0 errors, 3 left on base; Chicago (NYP) 0 - Spokane 1
TOP OF THE 2ND
Chicago (NYP) White Sox batting - Pitching for Spokane Indians : RHP Alexander Neustroev
Batting: LHB Herkko Haavikko 0-0: Ball
1-0: Called Strike
1-1: Ground out 6-3 (Groundball, 6M, EV 89.4 MPH)
Batting: LHB Carlos Ramirez 0-0: Ball
1-0: Ball
2-0: Foul Ball, location: 2F
2-1: Foul Ball, location: 2F
2-2: Fly out, F6 (Line Drive, 6, EV 65.0 MPH)
Batting: LHB Justin Stickney 0-0: Ball
1-0: Ball
2-0: Foul Ball, location: 2F
2-1: Foul Ball, location: 2F
2-2: Ball
3-2: Foul Ball, location: 2F
3-2: Foul Ball, location: 2F
3-2: Ground out 5-3 (Groundball, 56, EV 106.2 MPH)
Top of the 2nd over - 0 runs, 0 hits, 0 errors, 0 left on base; Chicago (NYP) 0 - Spokane 1
BOTTOM OF THE 2ND
Spokane Indians batting - Pitching for Chicago (NYP) White Sox : LHP Shinkichi Kawase
Batting: RHB Lupe Covarrubias 0-0: Ball
1-0: Called Strike
1-1: Ball
2-1: Ball
3-1: Foul Ball, location: 2F
3-2: Base on Balls
Batting: RHB Zi-jing Wang 0-0: Called Strike
0-1: Foul Ball, location: 2F
0-2: Ball
Wild Pitch!
Lupe Covarrubias to second
1-2: Fly out, F4 (Popup, 34S, EV 86.9 MPH)
Batting: RHB Dennis Daniels 0-0: Swinging Strike
0-1: Ground out 5-3 (Groundball, 5S, EV 83.8 MPH)
Batting: RHB George King 0-0: Swinging Strike
0-1: Ball
1-1: Ball
2-1: Ball
3-1: Base on Balls
Batting: RHB Andrew Clarke 0-0: Ball
1-0: Foul Ball, location: 2F
1-1: Ball
2-1: Ball
Lupe Covarrubias steals 3rd base
George King to second
3-1: Called Strike
3-2: Strikes out swinging
Bottom of the 2nd over - 0 runs, 0 hits, 0 errors, 2 left on base; Chicago (NYP) 0 - Spokane 1
TOP OF THE 3RD
Chicago (NYP) White Sox batting - Pitching for Spokane Indians : RHP Alexander Neustroev
Batting: RHB Yorkis Saiki 0-0: Foul Ball, location: 2F
0-1: SINGLE (Groundball, 56D, EV 101.2 MPH)
Batting: RHB Victor Orozco 0-0: Ball
1-0: Foul Ball, location: 2F
1-1: Foul Ball, location: 2F
1-2: Grounds into double play, 5-4-3 (Groundball, 56, EV 76.9 MPH)
Batting: RHB Vic Lucatero 0-0: Swinging Strike
0-1: Ball
1-1: Swinging Strike
1-2: Foul Ball, location: 2F
1-2: Strikes out swinging
Top of the 3rd over - 0 runs, 1 hit, 0 errors, 0 left on base; Chicago (NYP) 0 - Spokane 1
BOTTOM OF THE 3RD
Spokane Indians batting - Pitching for Chicago (NYP) White Sox : LHP Shinkichi Kawase
Batting: RHB Dale Aubrey 0-0: Ball
1-0: Ball
2-0: Foul Ball, location: 2F
2-1: Foul Ball, location: 2F
2-2: Ball
3-2: Foul Ball, location: 2F
3-2: Base on Balls
Batting: RHB Shoh Tanioka 0-0: Ball
1-0: Ball
2-0: Foul Ball, location: 2F
2-1: Foul Ball, location: 2F
2-2: Ball
3-2: Foul Ball, location: 2F
3-2: Foul Ball, location: 2F
3-2: Base on Balls
Dale Aubrey to second
Batting: RHB Roberto Gonzalez 0-0: Ball
1-0: Swinging Strike
1-1: Ball
2-1: Foul Ball, location: 2F
2-2: Strikes out swinging
Batting: RHB Matt Strong 0-0: Foul Ball, location: 2F
0-1: Ball
1-1: Fielders Choice at 2nd, 6-4 (Groundball, 6, EV 80.6 MPH)
Dale Aubrey to third
Batting: RHB Lupe Covarrubias 0-0: Ball
1-0: Ball
2-0: Swinging Strike
2-1: Ball
3-1: Called Strike
3-2: 3-RUN HOME RUN (Flyball, 7D, EV 93.8 MPH), Distance : 365 ft
Batting: RHB Zi-jing Wang 0-0: Fly out, F7 (Flyball, 7LS, EV 98.1 MPH)
Bottom of the 3rd over - 3 runs, 1 hit, 0 errors, 0 left on base; Chicago (NYP) 0 - Spokane 4
TOP OF THE 4TH
Chicago (NYP) White Sox batting - Pitching for Spokane Indians : RHP Alexander Neustroev
Batting: RHB Mark Jones 0-0: Called Strike
0-1: Swinging Strike
0-2: Ball
1-2: Ball
2-2: Ball
3-2: Strikes out looking
Batting: LHB Ryan Dyal 0-0: SOLO HOME RUN (Flyball, 89XD, EV 104.4 MPH), Distance : 422 ft
Batting: LHB Matt Hyde 0-0: Called Strike
0-1: Swinging Strike
0-2: Strikes out looking
Batting: LHB Herkko Haavikko 0-0: Called Strike
0-1: Ball
1-1: Ball
2-1: Foul Ball, location: 2F
2-2: Ball
3-2: Foul Ball, location: 2F
3-2: SOLO HOME RUN (Flyball, 89XD, EV 98.1 MPH), Distance : 394 ft
Batting: LHB Carlos Ramirez 0-0: Ball
1-0: Ball
2-0: Called Strike
2-1: Foul Ball, location: 2F
2-2: Ball
3-2: Base on Balls
Batting: LHB Justin Stickney 0-0: Called Strike
0-1: Ball
1-1: Called Strike
1-2: Fly out, F5 (Popup, 5F, EV 66.2 MPH)
Top of the 4th over - 2 runs, 2 hits, 0 errors, 1 left on base; Chicago (NYP) 2 - Spokane 4
BOTTOM OF THE 4TH
Spokane Indians batting - Pitching for Chicago (NYP) White Sox : LHP Shinkichi Kawase
Batting: RHB Dennis Daniels 0-0: Ball
1-0: Fly out, F8 (Flyball, 89D, EV 95.0 MPH)
Batting: RHB George King 0-0: Ball
1-0: Foul Ball, location: 2F
1-1: Called Strike
1-2: Ground out 1-3 (Groundball, 34S, EV 75.6 MPH)
Batting: RHB Andrew Clarke 0-0: Foul Ball, location: 2F
0-1: Ball
1-1: Ball
2-1: SINGLE (Groundball, 6MD, EV 95.6 MPH)
Batting: RHB Dale Aubrey 0-0: Foul Ball, location: 2F
0-1: Hit by Pitch
Andrew Clarke to second
Batting: RHB Shoh Tanioka 0-0: Ball
1-0: DOUBLE (Line Drive, 8LXD, EV 102.5 MPH)
Andrew Clarke scores
Dale Aubrey to third
Runner from 3rd tries for Home, SAFE, no throw by CF
Pitching: RHP Jae-weong Lee
Batting: RHB Roberto Gonzalez 0-0: Called Strike
0-1: SINGLE (Groundball, 56D, EV 106.2 MPH)
Shoh Tanioka to third
Batting: RHB Matt Strong 0-0: Ball
1-0: Ball
2-0: Ball
3-0: Base on Balls
Roberto Gonzalez to second
Batting: RHB Lupe Covarrubias 0-0: Swinging Strike
0-1: Ball
1-1: Ball
2-1: Foul Ball, location: 2F
2-2: Ball
3-2: Foul Ball, location: 2F
3-2: Base on Balls
Shoh Tanioka scores
Roberto Gonzalez to third
Matt Strong to second
Batting: RHB Zi-jing Wang 0-0: Called Strike
0-1: Ball
1-1: Ball
2-1: Foul Ball, location: 2F
2-2: SINGLE (Groundball, 6D, EV 99.4 MPH)
Roberto Gonzalez scores
Matt Strong to third
Lupe Covarrubias to second
Runner from 3rd tries for Home, SAFE, throw by CF to home
Batting: RHB Dennis Daniels 0-0: Ground out 4-3 (Groundball, 4, EV 83.1 MPH)
Bottom of the 4th over - 5 runs, 4 hits, 0 errors, 2 left on base; Chicago (NYP) 2 - Spokane 9
TOP OF THE 5TH
Chicago (NYP) White Sox batting - Pitching for Spokane Indians : RHP Alexander Neustroev
Batting: RHB Yorkis Saiki 0-0: Ball
1-0: Called Strike
1-1: Ball
2-1: Hit by Pitch
Batting: RHB Victor Orozco 0-0: Swinging Strike
0-1: Fielders Choice at 2nd, 5-4 (Groundball, 5, EV 101.9 MPH)
Batting: RHB Vic Lucatero 0-0: Ball
1-0: Ball
2-0: Ball
3-0: Called Strike
3-1: Fielders Choice at 2nd, 2-4 (Groundball, 2L, EV 73.8 MPH)
Batting: RHB Mark Jones 0-0: Ball
1-0: Swinging Strike
1-1: Ball
2-1: Ground out 4-3 (Groundball, 4, EV 103.8 MPH)
Top of the 5th over - 0 runs, 0 hits, 0 errors, 1 left on base; Chicago (NYP) 2 - Spokane 9
BOTTOM OF THE 5TH
Spokane Indians batting - Pitching for Chicago (NYP) White Sox : RHP Jae-weong Lee
Batting: RHB George King 0-0: Called Strike
0-1: Ball
1-1: SINGLE (Groundball, 56S, EV 64.4 MPH) (infield hit)
Batting: RHB Andrew Clarke 0-0: Called Strike
0-1: Ball
1-1: Ball
2-1: Called Strike
2-2: Hit by Pitch
George King to second
Batting: RHB Dale Aubrey 0-0: Ball
1-0: Called Strike
1-1: Foul Ball, location: 2F
1-2: Ball
2-2: Foul Ball, location: 2F
2-2: Fielders Choice at 2nd, 4-6 (Groundball, 4, EV 78.8 MPH)
George King to third
Batting: RHB Shoh Tanioka 0-0: Ball
Dale Aubrey steals 2nd base
1-0: DOUBLE (Line Drive, 3D, EV 105.0 MPH)
George King scores
Dale Aubrey scores
Pitching: LHP Ruben de Leon
Batting: RHB Roberto Gonzalez 0-0: Ball
1-0: Ball
2-0: Ball
Wild Pitch!
Shoh Tanioka to third
3-0: Base on Balls
Batting: RHB Matt Strong 0-0: Ball
1-0: Ball
2-0: Ball
3-0: Fly out, F8 (Flyball, 78XD, EV 103.8 MPH)
Runner from 3rd tags up, SCORES, no throw by CF
Batting: RHB Lupe Covarrubias 0-0: Ball
1-0: Ball
2-0: Fielders Choice at 2nd, 5-4 (Groundball, 5, EV 99.4 MPH)
Bottom of the 5th over - 3 runs, 2 hits, 0 errors, 1 left on base; Chicago (NYP) 2 - Spokane 12
TOP OF THE 6TH
Chicago (NYP) White Sox batting - Pitching for Spokane Indians : RHP Alexander Neustroev
Batting: LHB Ryan Dyal 0-0: Ball
1-0: Ball
2-0: Called Strike
2-1: Swinging Strike
2-2: Ground out 5-3 (Groundball, 5, EV 85.0 MPH)
Batting: LHB Matt Hyde 0-0: Ball
1-0: Foul Ball, location: 2F
1-1: Fly out, F7 (Line Drive, 7S, EV 110.6 MPH)
Batting: LHB Herkko Haavikko 0-0: Called Strike
0-1: Ball
1-1: Ball
2-1: Swinging Strike
2-2: Fly out, F7 (Line Drive, 7D, EV 96.2 MPH)
Top of the 6th over - 0 runs, 0 hits, 0 errors, 0 left on base; Chicago (NYP) 2 - Spokane 12
BOTTOM OF THE 6TH
Spokane Indians batting - Pitching for Chicago (NYP) White Sox : LHP Ruben de Leon
Batting: RHB Zi-jing Wang 0-0: Ball
1-0: Ball
2-0: Ground out 5-3 (Groundball, 56S, EV 70.0 MPH)
Batting: RHB Dennis Daniels 0-0: Ball
1-0: Ball
2-0: Ball
3-0: Base on Balls
Batting: RHB George King 0-0: Ball
1-0: Swinging Strike
1-1: Foul Ball, location: 2F
1-2: Foul Ball, location: 2F
1-2: Fielders Choice at 2nd, 6-4 (Groundball, 6, EV 81.2 MPH)
Batting: RHB Andrew Clarke 0-0: Called Strike
0-1: Ball
1-1: Foul Ball, location: 2F
1-2: Ball
2-2: Fly out, F3 (Popup, 3SF, EV 82.5 MPH)
Bottom of the 6th over - 0 runs, 0 hits, 0 errors, 1 left on base; Chicago (NYP) 2 - Spokane 12
TOP OF THE 7TH
Chicago (NYP) White Sox batting - Pitching for Spokane Indians : RHP Alexander Neustroev
Pinch Hitting: RHB Carsten Koers 0-0: Called Strike
0-1: Ball
1-1: Foul Ball, location: 2F
1-2: Ball
2-2: Ball
3-2: Foul Ball, location: 2F
3-2: Strikes out swinging
Batting: LHB Justin Stickney 0-0: Ball
1-0: Ball
2-0: Ball
3-0: Ground out 6-3 (Groundball, 6, EV 95.0 MPH)
Batting: RHB Yorkis Saiki 0-0: Foul Ball, location: 2F
0-1: Ground out 5-3 (Groundball, 25, EV 85.6 MPH)
Top of the 7th over - 0 runs, 0 hits, 0 errors, 0 left on base; Chicago (NYP) 2 - Spokane 12
BOTTOM OF THE 7TH
Spokane Indians batting - Pitching for Chicago (NYP) White Sox : LHP Ruben de Leon
Now at 1B: Matt Hyde
Now in CF: Carsten Koers
Batting: RHB Dale Aubrey 0-0: Called Strike
0-1: Foul Ball, location: 2F
0-2: Ball
1-2: Strikes out swinging
Pinch Hitting: RHB Korekiyo Watanabe 0-0: Fly out, F4 (Popup, 4, EV 73.8 MPH)
Batting: RHB Roberto Gonzalez 0-0: Ball
1-0: Foul Ball, location: 2F
1-1: Ball
2-1: SINGLE (Flyball, 8RS, EV 99.4 MPH)
Pinch Hitting: LHB Dave Doughty 0-0: Called Strike
0-1: Foul Ball, location: 2F
0-2: Ball
Passed Ball!
Roberto Gonzalez to second
1-2: Ball
2-2: 2-RUN HOME RUN (Flyball, 89XD, EV 103.8 MPH), Distance : 400 ft
Pinch Hitting: LHB Rich Atterberry 0-0: Called Strike
0-1: Foul Ball, location: 2F
0-2: Ball
1-2: Strikes out looking
Bottom of the 7th over - 2 runs, 2 hits, 0 errors, 0 left on base; Chicago (NYP) 2 - Spokane 14
TOP OF THE 8TH
Chicago (NYP) White Sox batting - Pitching for Spokane Indians : RHP Alexander Neustroev
Pitching: RHP Devon Bickle
Now at C: Rich Atterberry
Now at 1B: Tony Mendez
Now at 3B: Korekiyo Watanabe
Now in RF: Dave Doughty
Batting: RHB Victor Orozco 0-0: Ball
1-0: Swinging Strike
1-1: Called Strike
1-2: Ball
2-2: Strikes out swinging
Pinch Hitting: RHB Corban Stavrakis 0-0: Called Strike
0-1: Ball
1-1: Hit by Pitch
Batting: RHB Mark Jones 0-0: Ball
1-0: Ball
2-0: Fly out, F8 (Line Drive, 8RD, EV 105.0 MPH)
Pinch Hitting: RHB Nick Richardson 0-0: Foul Ball, location: 2F
0-1: Ball
1-1: Called Strike
1-2: Ball
2-2: Foul Ball, location: 2F
2-2: Ball
3-2: Foul Ball, location: 2F
3-2: Foul Ball, location: 2F
3-2: SINGLE (Groundball, 56D, EV 98.8 MPH)
Corban Stavrakis to second
Corban Stavrakis to third
Pinch Hitting: RHB Chris LaMore 0-0: Ball
1-0: Ball
2-0: Foul Ball, location: 2F
2-1: Called Strike
2-2: Ball
3-2: Ground out 4-3 (Groundball, 4M, EV 83.8 MPH)
Top of the 8th over - 0 runs, 1 hit, 0 errors, 2 left on base; Chicago (NYP) 2 - Spokane 14
BOTTOM OF THE 8TH
Spokane Indians batting - Pitching for Chicago (NYP) White Sox : LHP Ruben de Leon
Now at 1B: Nick Richardson
Now at 2B: Josiah Wright
Now in LF: Corban Stavrakis
Now in RF: Herkko Haavikko
Batting: RHB Zi-jing Wang 0-0: Ball
1-0: SINGLE (Groundball, 4S, EV 67.5 MPH) (infield hit)
Pinch Hitting: RHB Jose Sisneros 0-0: Ball
1-0: Called Strike
1-1: Called Strike
1-2: Strikes out swinging
Pinch Hitting: RHB Tim Seggerman 0-0: Ball
1-0: Swinging Strike
1-1: Ball
2-1: Foul Ball, location: 2F
2-2: Strikes out swinging
Batting: RHB Andrew Clarke 0-0: Ball
1-0: Foul Ball, location: 2F
1-1: Ball
2-1: Fly out, F2 (Popup, 2LF, EV 89.4 MPH)
Bottom of the 8th over - 0 runs, 1 hit, 0 errors, 1 left on base; Chicago (NYP) 2 - Spokane 14
TOP OF THE 9TH
Chicago (NYP) White Sox batting - Pitching for Spokane Indians : RHP Devon Bickle
Now at 2B: Tim Seggerman
Now at SS: Jose Sisneros
Pinch Hitting: LHB Jeff Alphonso 0-0: Called Strike
0-1: Ball
1-1: Swinging Strike
1-2: Ball
2-2: Foul Ball, location: 2F
2-2: Foul Ball, location: 2F
2-2: Foul Ball, location: 2F
2-2: Ground out 6-3 (Groundball, 4MD, EV 96.2 MPH)
Pinch Hitting: LHB Josh Pittman 0-0: Ball
1-0: Ball
2-0: Ball
3-0: Base on Balls
Batting: LHB Justin Stickney 0-0: Foul Ball, location: 2F
0-1: Foul Ball, location: 2F
0-2: Fly out, F6 (Popup, 4M, EV 65.6 MPH)
Pinch Hitting: RHB Roberto Martinez 0-0: SINGLE (Line Drive, 6MD, EV 105.6 MPH)
Josh Pittman to second
Batting: RHB Victor Orozco 0-0: SINGLE (Line Drive, 4M, EV 98.1 MPH)
Josh Pittman to third
Roberto Martinez to second
Batting: RHB Corban Stavrakis 0-0: Called Strike
0-1: Fly out, F4 (Popup, 34S, EV 87.5 MPH)
Top of the 9th over - 0 runs, 2 hits, 0 errors, 3 left on base; Chicago (NYP) 2 - Spokane 14
Wednesday, June 22nd , 2022 - OOTP Baseball 23.4 Build 64